 Dungeon Crawl Stone Soup version 0.20-a0-1026-gc3ddcbd (webtiles) character file.

43 Gorglomux the Stinger (level 3, -1/30 HPs)
             Began as a Naga Venom Mage on Apr 20, 2017.
             Slain by a hobgoblin
             ... wielding a +0 spear
              (3 damage)
             ... on level 2 of the Dungeon.
             The game lasted 00:03:44 (1166 turns).

Gorglomux the Stinger (Naga Venom Mage)             Turns: 1166, Time: 00:03:44

Health: -1/30      AC:  2    Str: 10    XL:     3   Next: 58%
Magic:  0/6        EV: 10    Int: 16    God:
Gold:   111        SH:  0    Dex: 11    Spells: 2/6 levels left

rFire    . . .     SeeInvis +   d - +0 dagger (holy)
rCold    . . .     Gourm    .   (no shield)
rNeg     . . .     Faith    .   a - +0 robe
rPois    +         Spirit   .   (no helmet)
rElec    .         Reflect  .   (no cloak)
rCorr    .         Harm     .   (no gloves)
MR       .....                  (no barding)
Stlth    ++........             (no amulet)
Regen    0.1/turn               (no ring)
MPRegen  0.1/turn               (no ring)

@: very slightly contaminated, very slow
A: see invisible, deformed body, poison resistance, slowness 2, slow metabolism
1, spit poison 1, AC +1
a: Spit Poison


You were on level 2 of the Dungeon.
You were not hungry.

You visited 1 branch of the dungeon, and saw 2 of its levels.

You collected 111 gold pieces.

Inventory:

Hand Weapons
 d - a +0 dagger of holy wrath (weapon)
   (You took it off a kobold on level 1 of the Dungeon)
Armour
 a - a +0 robe (worn)
Scrolls
 e - a scroll of noise {unknown}
 f - a scroll of remove curse {unknown}
 j - a scroll of identify {unknown}
Books
 b - a Young Poisoner's Handbook
Comestibles
 c - 3 bread rations {@e1@e1}
 g - a royal jelly
 i - 2 chunks of flesh {@w0@w0}


   Skills:
 + Level 0.4 Fighting
 - Level 1.5 Dodging
 + Level 3.8 Stealth
 - Level 2.3 Spellcasting
 - Level 2.0 Conjurations
 - Level 4.4 Poison Magic


You had 2 spell levels left.
You knew the following spells:

 Your Spells              Type           Power        Failure   Level  Hunger
a - Sting                 Conj/Pois      ##..         5%          1    #......
x - Mephitic Cloud        Conj/Pois/Air  #.......     24%         3    ###....


Dungeon Overview and Level Annotations

Branches:
Dungeon (2/15)

Altars:


Innate Abilities, Weirdness & Mutations

You cannot wear boots.
Your serpentine skin is tough. (AC +1)
You have supernaturally acute eyesight. (SInv)
Armour fits poorly on your strangely shaped body.
Your system is resistant to poisons. (rPois)
You cover ground very slowly.
You have a slow metabolism.
You can spit poison.


Message History

You kill the frilled lizard!
No target in view!
No target in view!
j - a scroll labeled ULOTEK SYZOYCA MP restored: 6 An adder comes into view.
The adder hisses angrily.
h - 2 black potions (gained 1)
A hobgoblin comes into view. It is wielding a spear.
You barely miss the adder. The adder barely misses you.
Aim: an adder The sting hits the adder.
The adder is poisoned.
The hobgoblin shouts!
The adder closely misses you.
You now have 5/6 mp.
Aim: an adder (lightly wounded, poisoned)
You miscast Sting.
You are very lightly contaminated with residual magic.
Your hair stands on end.
The adder bites you. x2
You are poisoned.
The adder poisons you!
You take 5 damage, and have 23/28 hp.
You now have 4/6 mp.
Aim: an adder (moderately wounded, poisoned)
The sting hits the adder.
The adder appears unharmed.
You feel sick. The adder bites you.
You take 2 damage, and have 21/28 hp.
You now have 3/6 mp.
Aim: an adder (moderately wounded, poisoned)
The sting misses the adder.
The adder bites you.
A goblin comes into view.
You take 1 damage, and have 20/28 hp.
You now have 2/6 mp.
Aim: an adder (moderately wounded, poisoned)
You miscast Sting.
You feel mildly nauseous.
You feel sick. The adder bites you. The hobgoblin closely misses you.
The adder misses you.
You take 5 damage, and have 15/28 hp.
You now have 1/6 mp.
Aim: an adder (moderately wounded, poisoned)
The splash of poison hits the adder.
The adder looks even sicker.
You kill the adder!
You feel slightly more hungry.
The hobgoblin hits you from afar with a spear.
You take 5 damage, and have 10/30 hp.
Unknown command.
Aim: a hobgoblin, wielding a spear The sting hits the hobgoblin.
The hobgoblin appears unharmed.
You feel sick.
The hobgoblin hits you from afar with a spear.
* * * LOW HITPOINT WARNING * * *
You take 2 damage, and have 8/30 hp.
You now have 0/6 mp.
You don't have enough magic to cast that spell.
You don't have enough magic to cast that spell.
The hobgoblin barely misses you.
Unknown command.
Unknown command.
Aim: a hobgoblin, wielding a spear The sting misses the hobgoblin.
You have got your breath back.
You feel sick.
The hobgoblin hits you from afar with a spear.
* * * LOW HITPOINT WARNING * * *
You take 5 damage, and have 3/30 hp.
You now have 0/6 mp.
Unknown command.
Unknown command.
It was a potion of curing.
You feel better.
The hobgoblin hits you from afar with a spear.
* * * LOW HITPOINT WARNING * * *
You regained 4 hp, and now have 7/30 hp.
The hobgoblin completely misses you.
Aim: a hobgoblin, wielding a spear The splash of poison misses the hobgoblin.
You feel slightly more hungry. The hobgoblin closely misses you.
The goblin hits you.
* * * LOW HITPOINT WARNING * * *
You have got your breath back.
The hobgoblin hits you from afar with a spear.
* * * LOW HITPOINT WARNING * * *
You take 6 damage, and have 1/30 hp.
You feel better. The goblin hits you.
* * * LOW HITPOINT WARNING * * *
The hobgoblin hits you but does no damage.
You regained 3 hp, and now have 4/30 hp.
The goblin hits you.
* * * LOW HITPOINT WARNING * * *
The hobgoblin closely misses you.
You take 3 damage, and have 1/30 hp.
Aim: a hobgoblin, wielding a spear The sting misses the goblin.
The sting misses the hobgoblin.
The goblin barely misses you.
The hobgoblin hits you but does no damage.
You now have 0/6 mp.
Aim: a hobgoblin, wielding a spear You fail to use your ability.
The goblin barely misses you. The hobgoblin barely misses you.
Unknown command.
You barely miss the goblin. The goblin closely misses you.
The hobgoblin completely misses you.
Unknown command.
You hit the goblin but do no damage. The goblin closely misses you.
The hobgoblin misses you.
You closely miss the goblin. The goblin closely misses you.
The hobgoblin hits you from afar with a spear.
You die...

.............................
######........######...######.#
................# ##### #.#
#####........#..# ###.#
#........#..... #....
#........# ..... #....
#..#####g# ..... #....
#.†#####g## ..## #....
#........@# #.# ###.#
#...[.....# ).# #..........
.... #..........# #...
#........... #.........#.#
.....)...#.. ........##..


You could see a hobgoblin and a goblin.

Vanquished Creatures
  An adder (D:2)
  An ooze (D:1)
  2 leopard geckos (D:1)
  6 bats (D:1)
  A giant cockroach (D:1)
  4 goblins (D:1)
  4 hobgoblins
  4 kobolds (D:1)
  2 frilled lizards
25 creatures vanquished.

Vanquished Creatures (others)
  A giant cockroach (D:1)
  A bat (D:1)
2 creatures vanquished.

Grand Total: 27 creatures vanquished

Notes
Turn   | Place    | Note
-------+----------+-------------------------------------------
     0 | D:1      | Gorglomux the Naga Venom Mage began the quest for the Orb.
     0 | D:1      | Reached XP level 1. HP: 15/15 MP: 3/3
   231 | D:1      | Reached XP level 2. HP: 22/22 MP: 3/5
   494 | D:1      | HP: 4/22 [ooze (4)]
   498 | D:1      | Reached skill level 2 in Conjurations
   782 | D:1      | Reached XP level 3. HP: 28/28 MP: 4/6
   787 | D:1      | Learned a level 3 spell: Mephitic Cloud
  1152 | D:2      | HP: 7/30 [poisoned by an adder]
  1152 | D:2      | HP: 3/30 [hobgoblin/spear (4)]
  1157 | D:2      | HP: 7/30 [goblin (1)]
  1158 | D:2      | HP: 1/30 [hobgoblin/spear (6)]
  1166 | D:2      | Slain by a hobgoblin

Vault maps used:
D:1:      shiori_arrival_oz, serial_park_tiny_pond, minmay_nonomino_d4
D:2:      nicolae_dithmenos_shadow_blocks, serial_curves, eino_curves_02,
          eino_curves_03, eino_curves_03, uniq_terence

Skill      XL: |  1  2 |
---------------+-------+-----
Conjurations   | 2 |  2.0
Fighting       | |  0.4
Dodging        | |  1.5
Stealth        | |  3.8
Spellcasting   | |  2.3
Poison Magic   | |  4.4

Action                   || total
-------------------------++-------
Melee: Unarmed           ||     5
       Dagger            ||    22
 Cast: Sting             ||    40
 Abil: Spit Poison       ||     8
  Use: Potion            ||     2
 Stab: Sleeping          ||     2
  Eat: Chunk             ||     1
Armor: Robe              ||     8
Dodge: Dodged            ||    44

Vault maps used:
D:1:      shiori_arrival_oz, serial_park_tiny_pond, minmay_nonomino_d4
D:2:      nicolae_dithmenos_shadow_blocks, serial_curves, eino_curves_02,
          eino_curves_03, eino_curves_03, uniq_terence

Table legend:
 A = Turns spent in this place as a percentage of turns spent in the entire game.
 B = Non-inter-level travel turns spent in this place as a percentage of non-inter-level travel turns spent in the entire game.
 C = Inter-level travel turns spent in this place as a percentage of turns spent in this place.
 D = Turns resting spent in this place as a percentage of non-inter-level travel turns spent in this place.
 E = Turns spent auto-exploring this place as a percentage of non-inter-level travel turns spent in this place.
 F = Non-inter-level travel turns spent in this place divided by the number of levels of this place that you've seen.
                   A       B       C       D       E      F
               +-------+-------+-------+-------+-------+----------------------
         Total | 100.0 | 100.0 |   0.8 |   8.0 |  11.4 | 132.0
       Dungeon | 100.0 | 100.0 |   0.8 |   8.0 |  11.4 | 132.0
               +-------+-------+-------+-------+-------+----------------------

Table legend:
 A = Kills in this place as a percentage of kills in entire the game.
 B = Kills by you in this place as a percentage of kills by you in the entire game.
 C = Kills by friends in this place as a percentage of kills by friends in the entire game.
 D = Other kills in this place as a percentage of other kills in the entire game.
 E = Experience gained in this place as a percentage of experience gained in the entire game.
 F = Experience gained in this place divided by the number of levels of this place that you have seen.
                   A       B       C       D       E      F
               +-------+-------+-------+-------+-------+----------------------
         Total | 100.0 | 100.0 |  -nan |  -nan | 100.0 |  31.0
       Dungeon | 100.0 | 100.0 |  -nan |  -nan | 100.0 |  31.0
               +-------+-------+-------+-------+-------+----------------------
